 Dungeon Crawl Stone Soup version 0.29.0-15-g675c0067aa (webtiles) character file.

Game seed: 10123414953959029140

2221 qw the Cleaver (level 9, -3/75 HPs)
             Began as a Minotaur Berserker on Sept 12, 2022.
             Was a Priest of Trog.
             Killed from afar by a steam dragon (13 damage)
             ... with a ball of steam
             ... on level 6 of the Dungeon.
             The game lasted 00:01:42 (5605 turns).

qw the Cleaver (Minotaur Berserker)                 Turns: 5605, Time: 00:01:42

Health: -3/75      AC: 10    Str: 27    XL:     9   Next: 13%
Magic:  8/8        EV:  7    Int:  4    God:    Trog [***...]
Gold:   254        SH: 10    Dex:  9    Spells: 8/8 levels left

rFire   . . .      SeeInvis .   Y - +1 war axe (vorpal)
rCold   . . .      Faith    .   k - +0 kite shield
rNeg    . . .      Spirit   .   b - +0 chain mail
rPois   .          Reflect  .   (helmet restricted)
rElec   .          Harm     .   (no cloak)
rCorr   .          Rampage  .   (no gloves)
Will    +....                   c - +0 pair of boots
Stlth   ..........              (no amulet)
HPRegen 0.22/turn               n - ring of willpower
MPRegen 0.11/turn               (no ring)

@: on berserk cooldown, slowed, very slow
A: horns 2, retaliatory headbutt
a: Renounce Religion, Berserk, Trog's Hand


You were on level 6 of the Dungeon.
You worshipped Trog.
Trog was most pleased with you.
You visited 1 branch of the dungeon, and saw 6 of its levels.

You collected 254 gold pieces.


Innate Abilities, Weirdness & Mutations

You have a pair of horns on your head.
You reflexively headbutt those who attack you in melee.


   Skills:
 - Level 6.0 Fighting
 + Level 10.7 Axes
 - Level 1.5 Throwing
 - Level 3.4 Armour
 - Level 2.1 Dodging
 - Level 8.5 Shields


You had 8 spell levels left.
You didn't know any spells.
Your spell library was empty.

Inventory:

Hand Weapons
 j - a +0 flail
 Y - a +1 vorpal war axe (weapon)
Missiles
 m - 6 boomerangs (quivered)
Armour
 b - a +0 chain mail (worn)
 c - a +0 pair of boots (worn)
 k - a +0 kite shield (worn)
Jewellery
 n - a ring of willpower (left hand)
Wands
 h - a wand of digging (4)
Scrolls
 i - a scroll of identify
Potions
 d - a potion of curing
 e - a potion of might
 g - a potion of invisibility {unknown}
 o - a potion of magic {unknown}

Dungeon Overview and Level Annotations

Branches:
Dungeon (7/15)             Temple (0/1) D:4

Altars:
The Shining One

Annotations:
D:1 1 transporter
D:7 2 transporters, qw's ghost, novice MiBe


Message History

You barely miss the steam dragon.
You are engulfed in a cloud of scalding steam.
You block the white imp's attack. You block the steam dragon's attack.
The steam dragon claws you but does no damage.
The white imp hits you but does no damage.
The steam dragon bites you. The steam dragon claws you.
You barely miss the white imp. Your headbutt misses the white imp.
The white imp is severely wounded.
You hit the steam dragon. You block the white imp's attack.
You block the steam dragon's attack. The steam dragon claws you.
You barely miss the white imp. Your headbutt misses the white imp.
The white imp is severely wounded.
You hit the steam dragon but do no damage.
The white imp barely misses you. You furiously retaliate!
You headbutt the white imp.
You kill the white imp!
Trog accepts your kill. The steam dragon breathes steam at you.
The ball of steam hits you!! The steam dragon barely misses you.
You furiously retaliate!
You headbutt the steam dragon! The steam dragon barely misses you.
5603 ||| DRINKING potion of heal wounds.
You feel much better.
You are engulfed in a cloud of scalding steam.
The steam dragon bites you but does no damage.
The steam dragon closely misses you.
You barely miss the steam dragon. Your headbutt misses the steam dragon.
The steam dragon is moderately wounded.
You are engulfed in a cloud of scalding steam.
The steam dragon bites you.
The steam dragon claws you but does no damage.
The steam dragon bites you but does no damage.
The steam dragon barely misses you.
You closely miss the steam dragon.
The steam dragon is moderately wounded.
You are engulfed in a cloud of scalding steam.
The steam dragon breathes steam at you. The ball of steam hits you!
You die...

##............
<............
#..........
#........#
##........##
#..?.......##
#....D......#
#.....@.....#
###...........#
.............##
#......)...ยค##
...#......##
.7.7#.....#
.7.P...#..#
#7}.7...##.#
#}...#..##/#


You could see a steam dragon (catching breath).

Vanquished Creatures
  Pikel (D:4)
  Grinder (D:4)
  Duvessa (D:4)
  An ice beast (D:7)
  2 black bears (D:7)
  An ogre (D:6)
  A phantom (D:4)
  2 kobold brigands (D:7)
  Blork the orc (D:6)
  2 necrophages (D:4)
  A bullfrog (D:7)
  4 wights (D:7)
  Dowan (D:4)
  2 hounds (D:4)
  Jessica (D:3)
  Terence (D:2)
  2 iguanas
  2 orc wizards
  Natasha (twice) (D:2)
  Robin (D:3)
  2 adders
  A shadow imp (D:6)
  A white imp (D:6)
  2 dart slugs
  11 orcs
  10 endoplasms
  13 goblins
  10 hobgoblins
  7 jackals
  11 kobolds
  4 quokkas
  6 ball pythons
  6 bats
  2 frilled lizards
  5 rats
121 creatures vanquished.

Vanquished Creatures (others)
  A demonic plant (D:2)
1 creature vanquished.

Grand Total: 122 creatures vanquished

Notes
Turn   | Place    | Note
-------+----------+-------------------------------------------
     0 | D:1      | qw the Minotaur Berserker began the quest for the Orb.
     0 | D:1      | Reached XP level 1. HP: 19/19 MP: 0/0
     0 | D:1      | 0 ||| qw: Version: 0.1-a-119-g272c26d
     0 | D:1      | 0 ||| qw: Game counter: 10767
     0 | D:1      | 0 ||| qw: Always use a shield: true
     0 | D:1      | 0 ||| qw: Do Orc after D:15 true
     0 | D:1      | 0 ||| qw: Do second Lair branch before Depths: true
     0 | D:1      | 0 ||| qw: Lair rune preference: random
     0 | D:1      | 0 ||| qw: Plans: Normal
     0 | D:1      | 0 ||| PLANNING D:1-11
    31 | D:1      | 31 ||| Stepping ~*~*~tactically~*~*~ (stealth).
    41 | D:1      | Reached skill level 4 in Axes
    42 | D:1      | 42 ||| INVOKING Berserk.
    44 | D:1      | HP: 7/28 [jackal (3)]
   395 | D:1      | Reached XP level 2. HP: 24/26 MP: 1/1
   514 | D:1      | 514 ||| Stepping ~*~*~tactically~*~*~ (stealth).
   515 | D:1      | 515 ||| Stepping ~*~*~tactically~*~*~ (stealth).
  1255 | D:1      | Reached skill level 5 in Axes
  1293 | D:1      | 1293 ||| UPGRADING to +0 pair of boots.
  1298 | D:1      | 1298 ||| UPGRADING to +0 scale mail.
  1308 | D:1      | 1308 ||| DROPPING +0 animal skin.
  1309 | D:1      | 1309 ||| READING scroll labelled YNETHIUPA DOIB.
  1383 | D:2      | Reached XP level 3. HP: 20/31 MP: 2/2
  1648 | D:2      | 1648 ||| Stepping ~*~*~tactically~*~*~ (stealth).
  1748 | D:2      | Noticed Terence
  1749 | D:2      | 1749 ||| Stepping ~*~*~tactically~*~*~ (stealth).
  1750 | D:2      | 1750 ||| Stepping ~*~*~tactically~*~*~ (stealth).
  1757 | D:2      | Noticed Natasha
  1761 | D:2      | 1761 ||| INVOKING Berserk.
  1770 | D:2      | Killed Natasha
  1770 | D:2      | Reached ** piety under Trog
  1771 | D:2      | Reached skill level 6 in Axes
  1771 | D:2      | Reached XP level 4. HP: 39/39 MP: 3/3
  1801 | D:2      | 1801 ||| Stepping ~*~*~tactically~*~*~ (stealth).
  1802 | D:2      | 1802 ||| Stepping ~*~*~tactically~*~*~ (stealth).
  1803 | D:2      | 1803 ||| Stepping ~*~*~tactically~*~*~ (stealth).
  1805 | D:2      | 1805 ||| Stepping ~*~*~tactically~*~*~ (stealth).
  1818 | D:2      | 1818 ||| INVOKING Berserk.
  1823 | D:2      | Killed Terence
  1892 | D:2      | 1892 ||| DROPPING +0 whip.
  2058 | D:2      | Noticed Natasha
  2059 | D:2      | 2059 ||| Stepping ~*~*~tactically~*~*~ (stealth).
  2061 | D:2      | 2061 ||| Stepping ~*~*~tactically~*~*~ (hiding).
  2063 | D:2      | 2063 ||| Stepping ~*~*~tactically~*~*~ (hiding).
  2066 | D:2      | 2066 ||| INVOKING Berserk.
  2071 | D:2      | Killed Natasha
  2201 | D:2      | Found a faded altar of an unknown god.
  2201 | D:2      | Noticed a green death
  2662 | D:2      | 2662 ||| UPGRADING to +0 chain mail.
  2672 | D:2      | 2672 ||| DROPPING +0 scale mail.
  2673 | D:2      | 2673 ||| UPGRADING to +0 kite shield.
  2678 | D:2      | 2678 ||| READING scroll labelled HUWKATOSTUE.
  2679 | D:2      | 2679 ||| READING scroll labelled GYALEL WIROYGE.
  2709 | D:3      | Reached XP level 5. HP: 45/45 MP: 4/4
  2716 | D:3      | Noticed Robin
  2719 | D:3      | Reached skill level 1 in Shields
  2721 | D:3      | 2721 ||| INVOKING Berserk.
  2726 | D:3      | Killed Robin
  3079 | D:3      | 3079 ||| INVOKING Berserk.
  3086 | D:3      | Reached skill level 3 in Shields
  3196 | D:3      | Noticed Jessica
  3202 | D:3      | Killed Jessica
  3397 | D:3      | 3397 ||| SWAPPING to +0 war axe.
  3403 | D:3      | 3403 ||| DROPPING +0 hand axe.
  3595 | D:3      | 3595 ||| READING scroll labelled GICUDW PAIMEIL.
  3596 | D:3      | 3596 ||| READING 2 scrolls labelled HABIGG SEANOESU.
  3597 | D:3      | 3597 ||| READING scroll labelled VYUHIH JAIM.
  3598 | D:3      | 3598 ||| READING scroll labelled JIS TEEDEELE.
  3599 | D:3      | 3599 ||| READING scroll labelled MEQIUW MAUTIRGH.
  3643 | D:4      | Reached XP level 6. HP: 45/51 MP: 5/5
  3643 | D:4      | 3643 ||| STAIRDANCE
  3691 | D:4      | Noticed Grinder
  3692 | D:4      | 3692 ||| INVOKING Trog's Hand.
  3695 | D:4      | 3695 ||| INVOKING Berserk.
  3704 | D:4      | Killed Grinder
  3705 | D:4      | Reached skill level 8 in Axes
  3705 | D:4      | Reached XP level 7. HP: 57/57 MP: 6/6
  3901 | D:4      | 3901 ||| Stepping ~*~*~tactically~*~*~ (stealth).
  3906 | D:4      | 3906 ||| Stepping ~*~*~tactically~*~*~ (stealth).
  3910 | D:4      | Reached *** piety under Trog
  3914 | D:4      | Noticed Pikel
  3919 | D:4      | 3919 ||| INVOKING Berserk.
  3923 | D:4      | Killed Pikel
  3924 | D:4      | Reached XP level 8. HP: 67/67 MP: 7/7
  4133 | D:4      | Noticed Duvessa
  4133 | D:4      | Noticed Dowan
  4135 | D:4      | 4135 ||| INVOKING Berserk.
  4139 | D:4      | Killed Dowan
  4142 | D:4      | Killed Duvessa
  4143 | D:4      | Reached skill level 9 in Axes
  4411 | D:4      | Found a staircase to the Ecumenical Temple.
  4412 | D:4      | 4412 ||| Stepping ~*~*~tactically~*~*~ (stealth).
  4460 | D:4      | Found a glowing golden altar of the Shining One.
  4524 | D:4      | You fall into a shaft and drop 3 floors!
  4533 | D:7      | Reached skill level 3 in Armour
  4536 | D:7      | 4536 ||| INVOKING Berserk.
  4805 | D:7      | Found a transporter.
  4815 | D:7      | Noticed qw's ghost (novice MiBe)
  4822 | D:7      | 4822 ||| INVOKING Berserk.
  4947 | D:7      | 4947 ||| INVOKING Berserk.
  4951 | D:7      | Reached skill level 10 in Axes
  5074 | D:7      | Found a transporter.
  5092 | D:7      | 5092 ||| Stepping ~*~*~tactically~*~*~ (stealth).
  5094 | D:7      | 5094 ||| Stepping ~*~*~tactically~*~*~ (stealth).
  5096 | D:7      | 5096 ||| Stepping ~*~*~tactically~*~*~ (stealth).
  5106 | D:7      | Reached skill level 1 in Throwing
  5106 | D:7      | 5106 ||| Stepping ~*~*~tactically~*~*~ (stealth).
  5149 | D:7      | Reached skill level 6 in Fighting
  5244 | D:7      | 5244 ||| Stepping ~*~*~tactically~*~*~ (hiding).
  5248 | D:7      | Reached XP level 9. HP: 75/75 MP: 8/8
  5254 | D:7      | 5254 ||| Stepping ~*~*~tactically~*~*~ (stealth).
  5327 | D:7      | 5327 ||| Stepping ~*~*~tactically~*~*~ (stealth).
  5368 | D:7      | 5368 ||| UPGRADING to ring of willpower.
  5369 | D:7      | 5369 ||| READING scroll labelled XEAKKI JEHU.
  5370 | D:7      | 5370 ||| DRINKING 2 sedimented red potions.
  5371 | D:7      | 5371 ||| DRINKING 2 silvery potions.
  5372 | D:7      | 5372 ||| DRINKING 2 white potions.
  5400 | D:7      | 5400 ||| DROPPING potion of lignification.
  5440 | D:6      | Noticed Blork the orc
  5441 | D:6      | 5441 ||| Stepping ~*~*~tactically~*~*~ (hiding).
  5445 | D:6      | 5445 ||| INVOKING Berserk.
  5450 | D:6      | Killed Blork the orc
  5588 | D:6      | 5588 ||| INVOKING Berserk.
  5602 | D:6      | HP: 2/75 [steam dragon/ball of steam (18)]
  5603 | D:6      | 5603 ||| DRINKING potion of heal wounds.
  5605 | D:6      | Killed from afar by a steam dragon

Levels and vault maps discovered:
D:1:      spicycebolla_arrival_risky_transporter, layout_basic
D:2:      layout_basic, dreamdust_ecumenical_altar_sealed_demon, uniq_natasha,
          uniq_terence
D:3:      layout_rooms, uniq_robin, uniq_jessica
D:4:      layout_basic, nicolae_tso_swordbearing_angel, temple_fountains,
          st_stairs_12, uniq_duvessa, uniq_grinder, uniq_pikel
D:6:      layout_rooms, jmf_multi_god_temple2, serial_demonic, serial_demonic_e,
          serial_demonic_f, serial_demonic_d, serial_demonic_e,
          hangedman_glass_teeth, chequers_serial_rivers_large_b,
          uniq_blork_the_orc
D:7:      layout_cave_pods, nicolae_ru_the_path_less_chosen,
          gammafunk_ghost_stat_death

Skill      XL: |  1  2  3  4  5  6  7  8 |
---------------+-------------------------+-----
Axes           | 4 5 6 8 10 | 10.7
Shields        | 4 5 8 |  8.5
Fighting       | 4 6 |  6.0
Armour         | 3 |  3.4
Throwing       | 1 |  1.5
Dodging        | |  2.1

Action                   |  1- 3 |  4- 6 |  7- 9 || total
-------------------------+-------+-------+-------++-------
Melee: Hand axe          |    86 |    69 |       ||   155
       Headbutt          |     5 |     6 |    16 ||    27
       War axe           |       |    16 |   107 ||   123
Throw: Boomerang         |       |     7 |    25 ||    32
Invok: Berserk           |     2 |     5 |     7 ||    14
       Trog's Hand       |       |     1 |       ||     1
  Use: Scroll            |     1 |     7 |     1 ||     9
       Potion            |       |       |     4 ||     4
Armor: Animal skin       |     8 |       |       ||     8
       Scale mail        |     7 |     5 |       ||    12
       Chain mail        |       |    29 |    33 ||    62
Dodge: Dodged            |    45 |    19 |    35 ||    99
Block: Kite shield       |       |    24 |    48 ||    72

Table legend:
 A = Non-vault XP
 B = Vault XP
 C = Vault XP percentage of total XP
 D = Non-vault monster count
 E = Vault monster count
 F = Vault count percentage of total count
                 A         B        C        D         E       F
            +---------+---------+-------+---------+---------+-------
      Total |    1781 |    1392 |  43.9 |     100 |      21 |  17.4
            +---------+---------+-------+---------+---------+-------
        D:1 |      38 |       0 |   0.0 |      23 |       0 |   0.0
        D:2 |      82 |      71 |  46.4 |      21 |       2 |   8.7
        D:3 |      77 |      73 |  48.7 |      14 |      13 |  48.1
        D:4 |     426 |    1146 |  72.9 |      18 |       4 |  18.2
        D:6 |     166 |     102 |  38.1 |       3 |       2 |  40.0
        D:7 |     992 |       0 |   0.0 |      21 |       0 |   0.0
            +---------+---------+-------+---------+---------+-------
